 Dungeon Crawl Stone Soup version 0.20-a0-949-g916514f (webtiles) character file.

175881 kuniqs the Cleaver (level 17, -4/152 HPs)
             Began as a White Draconian Fighter on Apr 4, 2017.
             Was the Champion of Okawaru.
             Shot with a bolt by a naga sharpshooter (30 damage)
             ... on level 2 of the Snake Pit.
             The game lasted 01:24:05 (29959 turns).

kuniqs the Cleaver (White Draconian Fighter)       Turns: 29959, Time: 01:24:05

Health: -4/152     AC: 14    Str: 22    XL:     17   Next: 22%
Magic:  25/25      EV: 27    Int:  9    God:    Okawaru [******]
Gold:   2286       SH: 15    Dex: 16    Spells: 15/16 levels left

rFire    . . .     SeeInvis .   y - +9 broad axe (drain)
rCold    + + .     Gourm    .   p - +1 shield {rC+}
rNeg     . . .     Faith    .   (armour unavailable)
rPois    +         Spirit   .   V - +0 hat "Maramec" {Str+2}
rElec    .         Reflect  .   C - +2 cloak {rPois}
rCorr    .         Harm     .   N - +0 pair of gloves
MR       ++...                  Y - +0 pair of boots {run}
Stlth    ++++......             D - amulet of regeneration
Regen    0.8/turn               m - +4 ring of evasion
MPRegen  0.2/turn               P - ring of protection from magic

@: lethally poisoned (-4 -> -4), quick
A: breathe frost, unfitting armour, stinger 1, cold resistance 1, cold-blooded,
AC +9
}: 1/15 runes: decaying
a: Breathe Frost, Heroism, Finesse, Renounce Religion


You were on level 2 of the Snake Pit.
You worshipped Okawaru.
Okawaru was exalted by your worship.
You were not hungry.

You visited 6 branches of the dungeon, and saw 30 of its levels.
You also visited: Sewer, Ossuary, Ice Cave and Volcano.

You collected 3627 gold pieces.
You spent 1341 gold pieces at shops.

Inventory:

Hand Weapons
 y - a +9 broad axe of draining (weapon)
 M - a +0 scimitar of flaming
Missiles
 h - 2 throwing nets (quivered)
Armour
 a - the -3 pair of boots of Crawling {rElec rC- rN+++ Stlth+}
   (Okawaru gifted it to you on level 11 of the Dungeon)

   It makes you vulnerable to cold.
   It insulates you from electricity.
   It renders you almost immune to negative energy.
   It makes you more stealthy.
 p - a +1 shield of cold resistance (worn)
 C - a +2 cloak of poison resistance (worn)
 N - a +0 pair of gloves (worn)
 V - the +0 hat "Maramec" (worn) {Str+2}
   (Okawaru gifted it to you on level 2 of the Orcish Mines)

   It affects your strength (+2).
 W - a +2 cloak of magic resistance
 Y - a +0 pair of boots of running (worn)
Jewellery
 k - an uncursed ring of see invisible
 m - a +4 ring of evasion (left hand)
 o - an uncursed ring of protection from fire
 D - an amulet of regeneration (around neck)
 I - a +5 amulet of reflection
 P - a ring of protection from magic (right hand)
 R - an uncursed amulet of rage
Wands
 b - a wand of confusion (41/48)
 s - a wand of lightning (7/15)
 O - a wand of digging (17/24)
 U - a wand of iceblast (5/15)
Scrolls
 j - a scroll of teleportation
 n - 4 scrolls of fog
 q - 4 scrolls of recharging
 r - 3 scrolls of enchant armour
 v - 3 scrolls of blinking
 x - 4 scrolls of immolation
 B - 12 scrolls of remove curse {@r2}
 G - 2 scrolls of holy word
 H - 5 scrolls of fear
 Q - 2 scrolls of silence
 T - a scroll of enchant weapon
 X - a scroll of brand weapon
 Z - 3 scrolls of magic mapping
Potions
 c - 6 potions of might
 g - 6 potions of flight
 i - 14 potions of curing {@q1}
 l - 5 potions of invisibility
 t - 4 potions of heal wounds
 z - 6 potions of haste
 A - 3 potions of cancellation
 E - 2 potions of berserk rage
 F - 4 potions of lignification
 K - 2 potions of agility
 L - 3 potions of resistance
 S - a potion of mutation
Comestibles
 d - 18 bread rations
 e - 15 meat rations
 f - 11 fruits
 u - 5 royal jellies


   Skills:
 - Level 14.1 Fighting
 + Level 14.7 Axes
 + Level 13.8 Dodging
 - Level 8.4 Stealth
 + Level 14.7 Shields
 - Level 4.0 Summonings
 - Level 11.2 Invocations


You had 15 spell levels left.
You knew the following spells:

 Your Spells              Type           Power        Failure   Level  Hunger
a - Summon Butterflies    Summ           #.......     10%         1    ##.....


Dungeon Overview and Level Annotations

Branches:
Dungeon (15/15)            Temple (1/1) D:6            Lair (6/6) D:10
  Swamp (4/4) Lair:2        Snake (2/4) Lair:2        Slime (0/5) Lair:6
    Orc (2/2) D:9             Elf (0/3) Orc:2
 Vaults: D:13-14     Depths: D:15

Altars:
Ashenzari
Cheibriados
Dithmenos
Elyvilon
Nemelex Xobeh
Okawaru
Ru
Sif Muna
Trog
Uskayaw
Vehumet
Wu Jian
Zin
The Shining One
Beogh

Shops:
D:9 *   D:10 ([?*   D:11 %   Orc:2 ?(*%   Snake:1 :[

Annotations:
D:8 1 exclusion


Innate Abilities, Weirdness & Mutations

You can breathe waves of freezing cold.
You can buffet flying creatures when you breathe cold.
Your icy white scales are hard. (AC +9)
You cannot fit into any form of body armour.
Your flesh is cold resistant. (rC+)
You are cold-blooded and may be slowed by cold attacks.
Your tail ends in a poisonous barb.


Message History

You kill the naga ritualist!
Okawaru accepts your kill.
You slice the naga warrior!!
You kill the naga warrior!
Okawaru accepts your kill.
You feel sick.
You feel sick.
The naga sharpshooter shoots a bolt.
The bolt closely misses you.
You see here 2 bolts.
You hit the naga. The naga completely misses you. x2
The naga sharpshooter mumbles some strange words.
The naga sharpshooter magically shoots a bolt.
The bolt hits you!!
* * * LOW HITPOINT WARNING * * *
You feel sick.
You feel sick.
The naga sharpshooter casts a spell.
The naga sharpshooter magically shoots a bolt.
The bolt hits you!!
You die...

#.## #... ### ##.# ##...
#.#######..# ##..†.
##).)))NN.## ##.....
##((###### ###.<....
##.N...# #........
##....#### #...(....
##..N...#########........
##.....@...............#
#######################


You could see a naga sharpshooter and a naga.

Vanquished Creatures
  2 thorn hunters
  3 ogre magi
  Fannar (Lair:3)
  2 ghost crabs (Swamp:2)
  23 hydras
  3 naga warriors
  14 two-headed ogres
  3 centaur warriors
  Erica (D:8)
  18 alligators
  10 anacondas
  7 naga sharpshooters
  2 shock serpents
  A hell knight (Volcano)
  An iron troll (Orc:2)
  An unseen horror (D:10)
  7 swamp dragons (Swamp:4)
  3 orc knights
  4 sea snakes (Snake:1)
  A spriggan druid (Swamp:4)
  6 naga ritualists
  6 shambling mangroves
  A deep troll (Orc:2)
  A deep elf mage (D:14)
  6 mana vipers (Snake:1)
  A deep elf archer (Orc:2)
  An orc sorcerer (Orc:2)
  5 ugly things
  6 cyclopes
  10 elephants (Lair:6)
  3 salamanders
  2 molten gargoyles (Volcano)
  Joseph (D:8)
  A gargoyle (D:10)
  A torpor snail (Lair:6)
  25 black mambas
  3 ice statues (IceCv)
  7 naga magi
  20 spiny frogs
  7 komodo dragons
  A rime drake (Lair:6)
  13 trolls
  2 tengu conjurers (D:14)
  18 hornets
  Prince Ribbit (D:8)
  2 dream sheep (Lair:6)
  6 tyrant leeches
  7 polar bears
  A raiju (shapeshifter) (D:10)
  14 hippogriffs
  6 slime creatures
  15 bog bodies
  12 blink frogs
  2 shadows
  A wraith (D:11)
  Sigmund (D:5)
  2 wyverns
  16 spriggans
  A fire bat (Volcano)
  3 basilisks
  16 yaks
  3 hogs (D:8)
  A human (D:8)
  A steam dragon (D:14)
  A hungry ghost (D:11)
  25 vampire mosquitoes
  9 insubstantial wisps (Swamp:3)
  3 wargs
  22 nagas
  23 swamp worms
  Edmund (D:5)
  4 hell hounds
  15 water moccasins
  6 porcupines
  5 black bears
  17 orc warriors
  4 sky beasts
  16 swamp drakes
  Purgy (Sewer)
  7 ice beasts
  A phantom (D:8)
  2 eyes of draining
  21 wolves (Lair:6)
  15 centaurs
  24 ogres
  5 boggarts (Lair:6)
  8 crocodiles
  6 big kobolds
  18 bullfrogs
  2 scorpions
  5 killer bees
  An electric eel (Lair:2)
  5 wights
  2 howler monkeys (D:12)
  7 crimson imps
  3 jellies
  5 lava snakes (Volcano)
  A bullfrog zombie (D:10)
  A centaur zombie (D:8)
  2 centaur skeletons
  11 hounds
  14 orc priests
  A gnoll shaman (D:6)
  2 bullfrog skeletons
  9 iguanas
  Natasha (twice) (D:4)
  Terence (D:1)
  14 orc wizards
  6 worker ants
  2 hound zombies
  2 hound skeletons
  A howler monkey zombie (D:10)
  3 mummies (Ossuary)
  12 adders
  5 gnolls
  12 white imps (Orc:2)
  2 oozes (D:1)
  An adder zombie (D:9)
  A worm (D:3)
  5 leopard geckos
  58 orcs
  A ball python (Sewer)
  10 giant cockroaches
  6 goblins
  8 hobgoblins
  6 jackals
  5 quokkas
  5 bats
  11 frilled lizards
  3 gnoll skeletons (Ossuary)
  2 gnoll zombies (Ossuary)
  A goblin skeleton (Ossuary)
  A goblin zombie (Ossuary)
  A hobgoblin skeleton (Ossuary)
  3 hobgoblin zombies (Ossuary)
  35 kobolds
  A kobold skeleton (Ossuary)
  2 kobold zombies (Ossuary)
  A leopard gecko skeleton (D:5)
  2 orc skeletons (Ossuary)
  2 orc zombies (Ossuary)
  A quokka zombie (D:7)
  8 rats
  A rat skeleton (Ossuary)
  2 rat zombies (Ossuary)
  2 fungi
  2 plants
944 creatures vanquished.

Vanquished Creatures (collateral kills)
  the Lernaean hydra (Swamp:4)
  A hydra (Swamp:4)
  A swamp drake (Swamp:4)
3 creatures vanquished.

Vanquished Creatures (others)
  An alligator (Swamp:4)
  An ugly thing (D:13)
  Menkaure (Ossuary)
  A wight (D:14)
  3 gnoll skeletons (Ossuary)
  3 goblin skeletons (Ossuary)
  6 goblin zombies (Ossuary)
  2 hobgoblin skeletons (Ossuary)
  2 hobgoblin zombies (Ossuary)
  A kobold skeleton (Ossuary)
  4 orc skeletons (Ossuary)
  4 orc zombies (Ossuary)
  3 rat skeletons (Ossuary)
  A rat zombie (Ossuary)
  19 fungi
  7 plants
59 creatures vanquished.

Grand Total: 1006 creatures vanquished

Notes
Turn   | Place    | Note
-------+----------+-------------------------------------------
     0 | D:1      | kuniqs the Draconian Fighter began the quest for the Orb.
     0 | D:1      | Reached XP level 1. HP: 19/19 MP: 1/1
    55 | D:1      | Reached XP level 2. HP: 3/26 MP: 2/2
   643 | D:1      | Reached XP level 3. HP: 33/33 MP: 3/3
  1274 | D:2      | Reached XP level 4. HP: 24/40 MP: 4/4
  1705 | D:2      | Noticed Terence
  1729 | D:1      | Killed Terence
  2602 | D:3      | Reached XP level 5. HP: 43/46 MP: 5/5
  3254 | D:4      | Found a sand-covered staircase.
  3259 | Ossuary  | Entered an ossuary
  3451 | Ossuary  | Killed Menkaure
  3902 | D:4      | Noticed Natasha
  3906 | D:4      | Killed Natasha
  3912 | D:4      | Reached XP level 6. HP: 48/53 MP: 6/6
  3983 | D:4      | Noticed Natasha
  3993 | D:4      | Killed Natasha
  4381 | D:5      | Entered Level 5 of the Dungeon
  4414 | D:5      | Noticed Sigmund
  4451 | D:5      | Killed Sigmund
  4451 | D:5      | Reached skill level 5 in Fighting
  4451 | D:5      | Your scales start taking on an icy white colour.
  4451 | D:5      | Reached XP level 7. HP: 56/61 MP: 7/7
  4451 | D:5      | Gained mutation: Your flesh is cold resistant. (rC+) [White Draconian growth]
  4564 | D:5      | Reached skill level 5 in Shields
  4756 | D:5      | Noticed Edmund
  4827 | D:5      | Killed Edmund
  4928 | D:5      | Found a deep blue altar of Sif Muna.
  4981 | D:5      | Found a sacrificial altar of Ru.
  5052 | D:5      | Reached skill level 5 in Axes
  5052 | D:5      | Reached XP level 8. HP: 52/70 MP: 8/8
  5058 | D:5      | Reached skill level 5 in Dodging
  5602 | D:6      | Found an ornate altar of the Wu Jian Council.
  5622 | D:6      | Found a glowing drain.
  5647 | Sewer    | Entered a sewer
  5670 | Sewer    | Noticed Purgy
  5683 | Sewer    | Killed Purgy
  5761 | D:6      | Identified a scroll of acquirement
  5849 | D:6      | Found a snail-covered altar of Cheibriados.
  5851 | D:6      | Found a radiant altar of Vehumet.
  6122 | D:6      | Got a scorched whip
  6215 | D:6      | Reached XP level 9. HP: 51/79 MP: 9/9
  6496 | D:6      | Found a staircase to the Ecumenical Temple.
  6502 | Temple   | Entered the Ecumenical Temple
  6530 | Temple   | Became a worshipper of Warmaster Okawaru
  7268 | D:7      | Reached skill level 1 in Invocations
  7289 | D:7      | Identified the cursed +1 whip of Ipir {venom, Fragile rN+++ Dex+7} (You found it on level 6 of the Dungeon)
  7629 | D:7      | Reached * piety under Okawaru
  7710 | D:8      | You fall through a shaft for 3 floors!
  7829 | D:11     | Found Hotumn's Food Shoppe.
  7840 | D:10     | Entered Level 10 of the Dungeon
  7840 | D:10     | Found Nohaehe's Weapon Emporium.
  7881 | D:10     | Found Etzoul's Armour Shoppe.
  7889 | D:10     | Bought a +2 cloak of poison resistance for 222 gold pieces
  7910 | D:10     | Found a staircase to the Lair.
  7961 | D:10     | Killed an unseen horror
  7961 | D:10     | Reached ** piety under Okawaru
  8062 | D:11     | Noticed a centaur warrior
  8109 | D:10     | Noticed a gargoyle
  8127 | D:10     | Killed a gargoyle
  8127 | D:10     | Reached XP level 10. HP: 38/90 MP: 12/12
  8336 | D:10     | Noticed a guardian serpent
  8336 | D:10     | Noticed a salamander
  8336 | D:10     | a guardian serpent changed into a salamander
  8339 | D:10     | a salamander changed into a raiju
  8377 | D:10     | Noticed a cyclops
  8395 | D:10     | Killed a cyclops
  8454 | D:10     | Reached *** piety under Okawaru
  8661 | D:10     | Found Emocoiq's Magic Scroll Shop.
  8673 | D:10     | Bought a scroll of holy word for 97 gold pieces
  8834 | D:8      | Reached skill level 5 in Invocations
  8856 | D:8      | Noticed Prince Ribbit
  8862 | D:8      | Killed Prince Ribbit
  8985 | D:8      | Found a shadowy altar of Dithmenos.
  9112 | D:8      | Reached **** piety under Okawaru
  9187 | D:8      | Noticed Joseph
  9205 | D:8      | Killed Joseph
  9324 | D:8      | Noticed Erica
  9333 | D:8      | Killed Erica
  9333 | D:8      | Reached XP level 11. HP: 96/99 MP: 15/15
  9431 | D:8      | Reached ***** piety under Okawaru
  9727 | D:8      | Found a sparkling altar of Nemelex Xobeh.
  9932 | D:8      | Noticed a two-headed ogre
  9941 | D:8      | Killed a two-headed ogre
 10001 | D:9      | Noticed a two-headed ogre
 10005 | D:9      | Killed a two-headed ogre
 10005 | D:9      | Reached skill level 10 in Fighting
 10203 | D:9      | Found Pugg's Practical Paraphernalia.
 10352 | D:9      | Found a staircase to the Orcish Mines.
 10655 | D:10     | Found Qyatoent's Assorted Antiques.
 10658 | D:10     | Bought a potion of heal wounds for 155 gold pieces
 10804 | D:11     | Killed a centaur warrior
 10849 | D:11     | Received a gift from Okawaru
 10859 | D:11     | Got a pair of steaming boots {god gift}
 10870 | D:11     | Identified the -3 pair of boots of Crawling {rElec rC- rN+++ Stlth+} (Okawaru gifted it to you on level 11 of the Dungeon)
 10870 | D:11     | gee, thanks
 10902 | D:11     | Got an ancient hand axe
 10903 | D:11     | Identified the cursed +0 hand axe "Hiyrum Simo" {pain, *Drain rF+ rC+ Stlth+} (You found it on level 11 of the Dungeon)
 11001 | D:11     | Noticed a cyan ugly thing
 11091 | D:11     | Killed a cyan ugly thing
 11252 | D:11     | Gained mutation: Your tail ends in a poisonous barb. [mutagenic meat]
 11299 | D:11     | Noticed a five-headed hydra
 11313 | D:11     | Killed a one-headed hydra
 11624 | D:12     | Noticed a red ugly thing
 11658 | D:12     | Killed a red ugly thing
 11707 | D:12     | OH YOU
 12404 | D:14     | Noticed a centaur warrior
 12428 | D:14     | Reached XP level 12. HP: 96/108 MP: 17/17
 12434 | D:14     | Killed a centaur warrior
 12469 | D:14     | Reached ****** piety under Okawaru
 12558 | D:13     | Reached skill level 10 in Shields
 12751 | D:14     | Received a gift from Okawaru
 12854 | D:15     | Entered Level 15 of the Dungeon
 12871 | D:15     | Noticed a centaur warrior
 12890 | D:15     | Killed a centaur warrior
 12890 | D:15     | Reached skill level 10 in Axes
 13121 | D:14     | Noticed a two-headed ogre
 13240 | Orc:1    | Entered Level 1 of the Orcish Mines
 13550 | Orc:1    | Found a roughly hewn altar of Beogh.
 13626 | Orc:2    | Entered Level 2 of the Orcish Mines
 13879 | Orc:2    | Found a frozen archway.
 13883 | Orc:2    | Noticed an ogre mage
 13887 | Orc:2    | Noticed a two-headed ogre
 13889 | Orc:2    | Noticed a two-headed ogre
 13893 | Orc:2    | Noticed a two-headed ogre
 13897 | Orc:2    | Killed an ogre mage
 13902 | Orc:2    | Killed a two-headed ogre
 13903 | Orc:2    | Noticed an ogre mage
 13913 | Orc:2    | Reached skill level 10 in Dodging
 13916 | Orc:2    | Noticed a two-headed ogre
 13925 | Orc:2    | Killed a two-headed ogre
 13925 | Orc:2    | Reached XP level 13. HP: 78/117 MP: 14/19
 13943 | Orc:2    | Received a gift from Okawaru
 13982 | Orc:2    | Got a brightly glowing hat {god gift}
 13983 | Orc:2    | Identified the +0 hat "Maramec" {Str+2} (Okawaru gifted it to you on level 2 of the Orcish Mines)
 14030 | IceCv    | Entered an ice cave
 14587 | Orc:2    | Found a staircase to the Elven Halls.
 15001 | Orc:2    | Found Paor's Food Emporium.
 15003 | Orc:2    | Found Haumium's General Store.
 15031 | Orc:2    | Reached skill level 10 in Invocations
 15171 | Orc:2    | Found Vaidd's Antique Weapon Shoppe.
 15172 | Orc:2    | Found Iri Peph's Magic Scroll Shoppe.
 15178 | Orc:2    | Bought a scroll of identify for 26 gold pieces
 15178 | Orc:2    | Bought a scroll of enchant weapon for 97 gold pieces
 15185 | Orc:2    | Bought a scroll of enchant weapon for 105 gold pieces
 15206 | Orc:2    | Bought a crude hand axe for 264 gold pieces
 15206 | Orc:2    | Identified the +5 hand axe "Pirar" {chop, Fragile rPois Str+8} (You bought it in a shop on level 2 of the Orcish Mines)
 15498 | Lair:1   | Entered Level 1 of the Lair of Beasts
 15821 | D:9      | Bought an uncursed ring of protection from magic for 375 gold pieces
 16817 | Lair:2   | Received a gift from Okawaru
 16833 | Lair:2   | Identified a +0 pair of boots of running (Okawaru gifted it to you on level 2 of the Lair of Beasts)
 16845 | Lair:2   | Found a staircase to the Snake Pit.
 16899 | Lair:2   | Reached XP level 14. HP: 121/127 MP: 21/21
 17242 | Lair:2   | Found a staircase to the Swamp.
 17476 | Lair:3   | Found a dark tunnel.
 17489 | Volcano  | Entered a volcano
 17603 | Volcano  | Found a burning altar of Makhleb.
 17965 | Lair:3   | Noticed Fannar
 17995 | Lair:3   | Killed Fannar
 19510 | Lair:5   | Received a gift from Okawaru
 20383 | Lair:6   | Entered Level 6 of the Lair of Beasts
 20405 | Lair:6   | Reached skill level 1 in Stealth
 20407 | Lair:6   | Found a staircase to the Slime Pits.
 20472 | Lair:6   | Learned a level 1 spell: Summon Butterflies
 20573 | Lair:6   | Reached skill level 1 in Summonings
 21155 | Lair:6   | Received a gift from Okawaru
 21184 | Lair:6   | Reached XP level 15. HP: 136/136 MP: 23/23
 21489 | Lair:6   | Received a gift from Okawaru
 21920 | Swamp:1  | Entered Level 1 of the Swamp
 23994 | Swamp:2  | Reached skill level 5 in Stealth
 24124 | Swamp:2  | Paralysed by a hornet for 3 turns
 24374 | Swamp:3  | Noticed a thorn hunter
 24430 | Swamp:3  | Killed a thorn hunter
 24841 | Swamp:3  | Received a gift from Okawaru
 25365 | Swamp:4  | Entered Level 4 of the Swamp
 25490 | Swamp:4  | Reached XP level 16. HP: 136/146 MP: 24/24
 25955 | Swamp:4  | Received a gift from Okawaru
 25963 | Swamp:4  | Got a crude scarf {god gift}
 25983 | Swamp:3  | Identified the scarf "Ruxeozev" {Str-5 Int+5} (Okawaru gifted it to you on level 4 of the Swamp)
 26082 | Swamp:4  | Paralysed by a hornet for 2 turns
 26570 | Swamp:4  | Noticed the 27-headed Lernaean hydra
 26588 | Swamp:4  | Killed the 27-headed Lernaean hydra
 26608 | Swamp:4  | Got a decaying rune of Zot
 26636 | Swamp:4  | Noticed a thorn hunter
 27058 | Swamp:4  | Killed a thorn hunter
 27451 | Swamp:4  | Paralysed by a hornet for 1 turns
 27452 | Swamp:4  | HP: 4/146 [bog body (14)]
 27904 | Snake:1  | Entered Level 1 of the Snake Pit
 28090 | Snake:1  | Found Gellaenn's Antique Armour Shoppe.
 28090 | Snake:1  | Found Jeesm's Book Emporium.
 28191 | Snake:1  | Received a gift from Okawaru
 29091 | Snake:1  | Received a gift from Okawaru
 29152 | Snake:1  | Reached XP level 17. HP: 138/152 MP: 17/25
 29959 | Snake:2  | Shot with a bolt by a naga sharpshooter

Vault maps used:
D:1:      sevenhm_arrival_forest_fort_small_5, st_stairs_13, minivault_24
D:2:      small_statue_intersection, uniq_terence
D:4:      first_bread, enter_ossuary_2, uniq_natasha
D:5:      nicolae_ru_the_path_less_chosen, led_sif_book, uniq_sigmund,
          uniq_edmund
D:6:      kennysheep_housing_project, lemuel_crystal_altar, minitemple,
          temple_green, gup_sewer_entry_glass
D:8:      lemuel_crystal_altar, nemelex_altar_shiori, grunt_livestock,
          onia_ninara_dug_in_and_dangerous, uniq_erica, uniq_prince_ribbit1,
          uniq_joseph
D:9:      orc_0_dummy, nrook_pool_corridor, nicolae_alphabet_shops,
          feat_on_display
D:10:     minmay_tri_box, minmay_lair_entry_lava, serial_shops,
          kennysheep_mini_moat, nicolae_shop_trees,
          nicolae_shop_temple_entry_statues_fountains, shop
D:11:     serial_shops, shop, grunt_ministairs_2
D:13:     david_vaults_5, serial_shops, shop, minmay_tree_intersection,
          spider_trap, kennysheep_decorative_pillar, uniq_azrael
D:14:     minmay_holes
D:15:     grunt_enter_depths_magical_seal, minivault_23
Temple:   regret_index_temple_sphere_string
Lair:1:   lemuel_fruit_tree
Lair:2:   minmay_swamp_entry_swarm, guppyfry_snake_entry_garden
Lair:3:   enter_volcano_3, grunt_forest_stairs_basic, uniq_fannar
Lair:5:   grunt_megastairs_1, serial_bayou_shore_b
Lair:6:   minmay_lair_end_enchanted_forest, minmay_slime_entry_pillars,
          minivault_19
Swamp:1:  hangedman_swamp_cone
Swamp:2:  nicolae_swamp_feature_on_the_river_bank
Swamp:3:  hangedman_swamp_ruin_wall, nicolae_swamp_alligator_family
Swamp:4:  grunt_swamp_rune_castle, swamp_pool1
Snake:1:  grunt_ministairs_7, grunt_megastairs_4, serial_bayou_shore_a,
          minmay_shoptagon
Snake:2:  nicolae_snakescales
Orc:1:    lemuel_statue_altar
Orc:2:    st_orc_open, portal_ice_cave_entry_imps
Sewer:    sewer_co_purgy_island
Ossuary:  ossuary_due_pyramid
IceCv:    ice_cave_statue_garden_chambered
Volcano:  volcano_lake

Skill      XL: |  1  2  3  4  5  6  7  8  9 10 11 12 13 14 15 16 |
---------------+-------------------------------------------------+-----
Fighting       | 4 5 7 8 9 10 11 12 13 14 | 14.1
Axes           | 3 4 5 6 7 8 9 10 11 12 13 14 | 14.7
Dodging        | 3 4 5 7 8 9 10 11 12 13 | 13.8
Shields        | 4 5 6 7 8 9 10 11 12 13 14 | 14.7
Invocations    | 3 5 7 9 10 11 | 11.2
Stealth        | 3 6 8 |  8.4
Summonings     | 2 4 |  4.0

Action                   |  1- 3 |  4- 6 |  7- 9 | 10-12 | 13-15 | 16-18 || total
-------------------------+-------+-------+-------+-------+-------+-------++-------
Melee: War axe           |    90 |   258 |   146 |       |       |       ||   494
       Tailslap          |     4 |    31 |    30 |    82 |   251 |   131 ||   529
       Broad axe         |       |       |   176 |   536 |  1208 |   526 ||  2446
       Scimitar          |       |       |       |     9 |   115 |   116 ||   240
Throw: Javelin           |       |       |     2 |       |       |       ||     2
Invok: Heroism           |       |       |       |     2 |       |     1 ||     3
       Finesse           |       |       |       |     1 |       |       ||     1
 Abil: Breathe Frost     |       |       |    15 |    16 |    11 |     1 ||    43
Evoke: Phantom mirror    |       |       |       |       |       |     2 ||     2
       Wand              |       |       |       |       |       |     1 ||     1
  Use: Scroll            |       |       |    25 |    11 |    13 |     8 ||    57
       Potion            |       |       |       |     2 |     4 |     7 ||    13
 Stab: Sleeping          |     2 |     1 |       |     1 |     6 |     4 ||    14
       Distracted        |       |       |       |       |     2 |     3 ||     5
  Eat: Chunk             |     1 |     9 |    17 |    23 |    38 |    11 ||    99
       Royal jelly       |       |     1 |     1 |       |     1 |     2 ||     5
       Fruit             |       |       |     1 |       |       |       ||     1
Armor: Skin              |    34 |    62 |   113 |   117 |   225 |   120 ||   671
Dodge: Dodged            |    49 |   106 |   171 |   346 |  1057 |   730 ||  2459
Block: Shield            |    49 |   104 |   198 |   411 |  1082 |   621 ||  2465
       Rpst.: Scimitar   |       |       |       |     2 |    14 |    18 ||    34
